 Dungeon Crawl Stone Soup version 0.24.0-13-gcf9b319 (webtiles) character file.

Game seed: 2059057012553638659, levelgen mode: deterministic

337 Fang the Skirmisher (level 6, -5/60 HPs)
             Began as a Gargoyle Berserker on Dec 3, 2019.
             Was a Believer of Trog.
             Slain by an ogre
             ... wielding a +0 giant club
              (25 damage)
             ... on level 4 of the Dungeon.
             The game lasted 00:02:51 (2334 turns).

Fang the Skirmisher (Gargoyle Berserker)            Turns: 2334, Time: 00:02:51

Health: -5/60      AC:  8    Str: 27    XL:     6   Next: 54%
Magic:  6/6        EV: 12    Int:  8    God:    Trog [**....]
Gold:   135        SH:  0    Dex:  9    Spells: 5/5 levels left

rFire    . . .     SeeInvis .   a - +0 hand axe
rCold    . . .     Gourm    .   (no shield)
rNeg     + . .     Faith    .   b - +0 animal skin
rPois    ∞         Spirit   .   (no helmet)
rElec    +         Reflect  .   j - +1 cloak
rCorr    .         Harm     .   (no gloves)
MR       .....                  (no boots)
Stlth    ..........             (no amulet)
HPRegen  0.20/turn              (no ring)
MPRegen  0.10/turn              (no ring)

@: berserking, very quick
A: negative energy resistance 1, electricity resistance, unbreathing,
petrification resistance, rot immunity, AC +4
a: Berserk, Trog's Hand, Renounce Religion


You were on level 4 of the Dungeon.
You worshipped Trog.
Trog was pleased with you.
You were near starving.

You visited 1 branch of the dungeon, and saw 4 of its levels.

You collected 135 gold pieces.

Inventory:

Hand Weapons
 a - a +0 hand axe (weapon)
Armour
 b - a +0 animal skin (worn)
 j - a +1 cloak (worn)
Wands
 f - a wand of digging (5)
Scrolls
 d - a scroll of fear {unknown}
 e - 2 scrolls of random uselessness {unknown}
 g - 3 scrolls of identify {unknown}
 i - a scroll of enchant weapon {unknown}
 l - 3 scrolls of remove curse {unknown}
 n - a scroll of magic mapping {unknown}
 q - 2 scrolls of teleportation {unknown}
 r - a scroll of amnesia {unknown}
Potions
 h - 2 potions of degeneration {unknown}
 k - 2 potions of heal wounds {unknown}
 m - a potion of flight {unknown}
 o - a potion of might {unknown}
 p - 2 potions of lignification {unknown}
Comestibles
 c - 4 rations


   Skills:
 + Level 4.8 Fighting
 + Level 3.9 Axes
 + Level 4.1 Armour
 + Level 3.0 Dodging


You had 5 spell levels left.
You didn't know any spells.
Your spell library was empty.

Dungeon Overview and Level Annotations

Branches:
Dungeon (4/15)
 Temple: D:4-7

Altars:
Okawaru


Innate Abilities, Weirdness & Mutations

You are resistant to torment.
Your stone body is resilient. (AC +4)
You are immune to poison.
You resist negative energy. (rN+)
You are resistant to electric shocks. (rElec)
You can survive without breathing.
You are immune to petrification.
You are immune to rotting.


Message History

Trog accepts your kill.
An ogre comes into view. It is wielding a +0 giant club.
You are feeling very hungry.
The ogre shouts!
You hit the ogre but do no damage. The ogre hits you with a +0 giant club!
You hit the ogre.
The ogre is moderately wounded.
The ogre hits you with a +0 giant club!
You are too injured to fight recklessly!
You are too injured to fight recklessly!
You are too injured to fight recklessly!
You are too injured to fight recklessly!
An ogre is nearby!
An ogre is nearby!
You are too injured to fight recklessly!
A red film seems to cover your vision as you go berserk!
You feel yourself moving faster!
You feel mighty!
You are near starving!
The ogre hits you with a +0 giant club!!
You die...

..###.#..#..#.#...#
......#..#..#.#...#
..................#
.........>....#..##
..#.#.......#.#..#
..#.#....)..# #..#
......###...#.#?.#
.................#
............####@#
................O....#
....#.##......##..##.#
............. #...
....#.##...# ....=
.......... #####.
.......... .#
.......... #
..#...##..


You could see an ogre.

Vanquished Creatures
  Grinder (D:4)
  A hound (D:4)
  4 adders
  4 worms
  2 leopard geckos
  6 orcs (D:3)
  7 bats
  2 giant cockroaches
  13 goblins
  11 hobgoblins
  4 kobolds
  2 ball pythons
  5 frilled lizards
  9 rats
71 creatures vanquished.

Notes
Turn   | Place    | Note
-------+----------+-------------------------------------------
     0 | D:1      | Fang the Gargoyle Berserker began the quest for the Orb.
     0 | D:1      | Reached XP level 1. HP: 14/14 MP: 1/1
   311 | D:1      | Reached XP level 2. HP: 15/19 MP: 2/2
   676 | D:2      | Reached XP level 3. HP: 20/24 MP: 3/3
   699 | D:2      | Found an iron altar of Okawaru.
   741 | D:2      | Reached ** piety under Trog
   892 | D:2      | Reached XP level 4. HP: 28/29 MP: 4/4
  2183 | D:4      | Noticed Grinder
  2196 | D:4      | Killed Grinder
  2196 | D:4      | Reached XP level 5. HP: 34/34 MP: 5/5
  2196 | D:4      | Reached XP level 6. HP: 39/39 MP: 6/6
  2334 | D:4      | Slain by an ogre

Levels and vault maps discovered:
D:1:      dpeg_arrival_windows_large_door, layout_rooms
D:2:      layout_basic, okawaru_gym_becter
D:3:      layout_loops_ring, first_ration
D:4:      cheibrodos_greedy_goblins, layout_basic, vehumet_statue,
          old_standard_altar, st_stairs_1, uniq_grinder

Skill      XL: |  1  2  3  4 |
---------------+-------------+-----
Axes           | 3 |  3.9
Dodging        | 2 3 |  3.0
Armour         | 4 |  4.1
Fighting       | 4 |  4.8

Action                   |  1- 3 |  4- 6 || total
-------------------------+-------+-------++-------
Melee: Hand axe          |   104 |   146 ||   250
Invok: Berserk           |       |     3 ||     3
  Eat: Chunk             |       |     6 ||     6
Armor: Animal skin       |    35 |    45 ||    80
Dodge: Dodged            |    61 |   103 ||   164
